 Dungeon Sprint DCSS version 0.27-a0-103-g6cd7b45605 (webtiles) character file.

Game seed: 14607415946299439105

4879 mhtbhm the Stormcaller (level 10, -2/53 HPs)
             Began as a Deep Elf Air Elementalist on Jan 23, 2021.
             Was the Champion of Vehumet.
             Slain by a komodo dragon (30 damage)
             ... in the Dungeon (Sprint IX: "|||||||||||||||||||||||||||||").
             The game lasted 00:02:43 (1064 turns).

mhtbhm the Stormcaller (Deep Elf Air Elementalist)  Turns: 1064, Time: 00:02:43

Health: -2/53      AC:  4    Str:  8    XL:     10   Next: 26%
Magic:  12/31      EV: 19    Int: 27    God:    Vehumet [******]
Gold:   0          SH:  0    Dex: 15    Spells: 24/39 levels left

rFire    . . .     SeeInvis .   l - +2 rapier (venom)
rCold    . . .     Faith    .   (no shield)
rNeg     . . .     Spirit   .   a - +0 robe
rPois    .         Reflect  .   n - +0 helmet
rElec    .         Harm     .   (no cloak)
rCorr    .         Rampage  .   (no gloves)
Will     +....     NoTele   +   m - +0 pair of boots
Stlth    ++........             (no amulet)
HPRegen  0.17/turn              p - +3 ring of strength
MPRegen  0.22/turn              o - +3 ring of intelligence

@: no status effects
A: no striking features
a: Renounce Religion


You were in the Dungeon.
You worshipped Vehumet.
Vehumet was exalted by your worship.
You visited 1 branch

Inventory:

Hand Weapons
 l - a +2 rapier of venom (weapon)
Armour
 a - a +0 robe (worn)
 m - a +0 pair of boots (worn)
 n - a +0 helmet (worn)
Jewellery
 o - a +3 ring of intelligence (right hand)
 p - a +3 ring of strength (left hand)
Wands
 k - a wand of acid (8)
Scrolls
 h - 2 scrolls of blinking
 i - 4 scrolls of remove curse
 j - 2 scrolls of amnesia
 r - a scroll of identify
 s - 2 scrolls of enchant weapon
 t - 2 scrolls of enchant armour
 u - 2 scrolls of fog
Potions
 b - a potion of invisibility
 c - 6 potions of curing
 d - 4 potions of heal wounds
 e - 2 potions of haste
 f - 4 potions of magic
 g - 2 potions of berserk rage
 q - a potion of brilliance


   Skills:
 + Level 2.2 Fighting
 + Level 10.8 Dodging
 - Level 2.8 Stealth
 + Level 15.3 Spellcasting
 + Level 10.5 Conjurations
 + Level 15.8 Air Magic
 + Level 2.7 Evocations


You had 24 spell levels left.
You knew the following spells:

 Your Spells              Type           Power        Failure   Level
a - Shock                 Conj/Air       100%         0%          1
b - Swiftness             Air            82%          0%          2
c - Static Discharge      Conj/Air       75%          1%          3
d - Airstrike             Air            41%          1%          4
e - Lightning Bolt        Conj/Air       37%          1%          5

Your spell library contained the following spells:

 Spells                   Type           Power        Failure   Level
 Hailstorm                Conj/Ice       49%          1%          4


Dungeon Overview and Level Annotations

Branches:
Dungeon (1/1)

Altars:
Cheibriados
Dithmenos
Elyvilon
Fedhas
Gozag
Hepliaklqana
Kikubaaqudgha
Makhleb
Nemelex Xobeh
Okawaru
Qazlal
Ru
Sif Muna
Trog
Uskayaw
Vehumet
Wu Jian
Xom
Yredelemnul
Zin
The Shining One
Beogh
Jiyva
Lugonu


Message History

You kill the black mamba!
Vehumet accepts your kill.
You feel your power returning.
The bolt of lightning misses the black mamba.
The komodo dragon bites you!
Unknown command.
Unknown command.
Casting: Lightning Bolt (safe; 1% risk of failure)
Confirm with . or Enter, or press ? or * to list all spells.
Aiming: Lightning Bolt (safe; 1% risk of failure)
Press: ? - help, Shift-Dir - straight line, f/p - komodo dragon
Aim: a komodo dragon (lightly wounded, 26% to evade)
You hear a mighty clap of thunder!
The bolt of lightning misses the komodo dragon.
The bolt of lightning hits the black mamba!!
You kill the black mamba!
Vehumet accepts your kill.
You feel your power returning. The komodo dragon bites you!!
Ouch! That really hurt!
You die...

▓.▓_▓
▓†▓.▓_▓
▓.▓.▓_▓
▓†▓.▓_▓
▓.▓.▓_▓
▓†▓.▓_▓
▓†▓.▓_▓
▓l▓.▓_▓
▓@▓.▓_▓
▓.▓.▓_▓
▓.▓.▓_▓
▓.▓.▓_▓
▓÷▓.▓_▓
▓÷▓.▓_▓
▓†▓.▓_▓
▓÷▓.▓_▓
▓÷▓.▓_▓


You could see a komodo dragon.

Vanquished Creatures
  2 hydras (D)
  A centaur warrior (D)
  2 black mambas (D)
  A cane toad (D)
  A troll (D)
  2 blink frogs (D)
  4 yaks (D)
  5 water moccasins (D)
  An orc warrior (D)
  2 black bears (D)
  An ice beast (D)
  A bullfrog (D)
  An orc priest (D)
  An iguana (D)
  A worker ant (D)
  2 orc wizards (D)
  3 adders (D)
  An adder skeleton (D)
  A dart slug (D)
  A bat zombie (D)
  2 hobgoblins (D)
  A quokka (D)
  A kobold (D)
  A rat (D)
39 creatures vanquished.

Notes
Turn   | Place    | Note
-------+----------+-------------------------------------------
     0 | D        | mhtbhm the Deep Elf Air Elementalist began the quest for
                  | the Orb.
     0 | D        | Reached XP level 1. HP: 10/10 MP: 6/6
    48 | D        | Noticed an orc priest
    52 | D        | Reached XP level 2. HP: 14/15 MP: 5/9
    54 | D        | Reached skill level 5 in Air Magic
    54 | D        | Reached XP level 3. HP: 3/19 MP: 3/11
    55 | D        | Reached skill level 5 in Spellcasting
    58 | D        | Learned a level 2 spell: Swiftness
    62 | D        | Learned a level 3 spell: Static Discharge
    68 | D        | Found a roughly hewn altar of Beogh.
    68 | D        | Found a snail-covered altar of Cheibriados.
    68 | D        | Found a shadowy altar of Dithmenos.
    68 | D        | Found a white marble altar of Elyvilon.
    68 | D        | Found a blossoming altar of Fedhas.
    68 | D        | Found an opulent altar of Gozag.
    69 | D        | Found a hazy altar of Hepliaklqana.
    70 | D        | Found a viscous altar of Jiyva.
    71 | D        | Found an ancient bone altar of Kikubaaqudgha.
    72 | D        | Found a corrupted altar of Lugonu.
    73 | D        | Found a burning altar of Makhleb.
    74 | D        | Found a sparkling altar of Nemelex Xobeh.
    75 | D        | Found an iron altar of Okawaru.
    76 | D        | Found a stormy altar of Qazlal.
    77 | D        | Found a sacrificial altar of Ru.
    78 | D        | Found a shimmering blue altar of Sif Muna.
    79 | D        | Found a bloodstained altar of Trog.
    80 | D        | Found a hide-covered altar of Uskayaw.
    81 | D        | Found a radiant altar of Vehumet.
    82 | D        | Found an ornate altar of the Wu Jian Council.
    83 | D        | Found a shimmering altar of Xom.
    84 | D        | Found a basalt altar of Yredelemnul.
    85 | D        | Found a glowing silver altar of Zin.
    86 | D        | Found a glowing golden altar of the Shining One.
    89 | D        | Became a worshipper of Vehumet
   321 | D        | Noticed an ice beast
   321 | D        | Noticed a black bear
   321 | D        | Noticed a black bear
   326 | D        | Reached XP level 4. HP: 24/24 MP: 7/14
   327 | D        | Killed a black bear
   327 | D        | Reached * piety under Vehumet
   327 | D        | Offered knowledge of Foxfire by Vehumet.
   328 | D        | Reached skill level 5 in Dodging
   328 | D        | Reached XP level 5. HP: 28/28 MP: 5/17
   331 | D        | Killed an ice beast
   332 | D        | Reached XP level 6. HP: 18/32 MP: 3/19
   333 | D        | Reached skill level 10 in Air Magic
   558 | D        | Learned a level 4 spell: Airstrike
   564 | D        | Learned a level 5 spell: Lightning Bolt
   569 | D        | Noticed an orc warrior
   569 | D        | Noticed a centaur warrior
   569 | D        | Noticed a troll
   572 | D        | Offered knowledge of Freeze by Vehumet.
   572 | D        | Reached ** piety under Vehumet
   573 | D        | Killed a centaur warrior
   574 | D        | Reached skill level 1 in Fighting
   574 | D        | Reached XP level 7. HP: 35/38 MP: 3/24
   574 | D        | Reached XP level 8. HP: 39/43 MP: 3/25
   576 | D        | Killed a troll
   576 | D        | Reached *** piety under Vehumet
   806 | D        | Noticed a blink frog
   807 | D        | Offered knowledge of Mephitic Cloud by Vehumet.
   807 | D        | Killed a blink frog
   808 | D        | Reached skill level 1 in Evocations
   808 | D        | Noticed a cane toad
   808 | D        | Reached **** piety under Vehumet
   809 | D        | Noticed a blink frog
   810 | D        | Killed a cane toad
   811 | D        | Reached XP level 9. HP: 48/48 MP: 14/28
   811 | D        | Reached ***** piety under Vehumet
  1056 | D        | Noticed a seven-headed hydra
  1056 | D        | Noticed an eight-headed hydra
  1056 | D        | Noticed a komodo dragon
  1058 | D        | Killed an eight-headed hydra
  1058 | D        | Offered knowledge of Hailstorm by Vehumet.
  1058 | D        | Noticed a black mamba
  1058 | D        | HP: 2/48 [komodo dragon (16)]
  1059 | D        | Reached skill level 10 in Dodging
  1059 | D        | Reached skill level 15 in Air Magic
  1059 | D        | Noticed a black mamba
  1060 | D        | Killed a seven-headed hydra
  1061 | D        | Reached skill level 15 in Spellcasting
  1061 | D        | Reached skill level 10 in Conjurations
  1061 | D        | Reached XP level 10. HP: 38/53 MP: 27/31
  1063 | D        | Killed a black mamba
  1064 | D        | Killed a black mamba
  1064 | D        | Reached ****** piety under Vehumet
  1064 | D        | Slain by a komodo dragon

Illustrated notes

Levels and vault maps discovered:
D:        linesprint [early_d, line_temple, items_1, d_10, items_2, lair_1,
          lair_end, items_3, orc_1, orc_end, items_4, d_15, swamp_1, shoals_1,
          snake_1, spider_1, d_20, vaults_1, items_5, swamp_end, shoals_end,
          snake_end, spider_end, vaults_end, d_27, items_6, zot_1, zot_end,
          crypt_end, forest_end, elf_end, slime_end, tomb_end, abyss_end,
          pan_hell_end]

Skill      XL: |  1  2  3  4  5  6  7  8  9 |
---------------+----------------------------+-----
Air Magic      | 4 5 7 9 12 14 15 | 15.8
Dodging        | 3 4 5 6 8 9 10 | 10.8
Spellcasting   | 4 6 8 11 13 15 | 15.3
Conjurations   | 2 3 6 8 10 | 10.5
Fighting       | 1 2 |  2.2
Evocations     | 1 2 |  2.7
Stealth        | |  2.8

Action                   |  1- 3 |  4- 6 |  7- 9 | 10-12 || total
-------------------------+-------+-------+-------+-------++-------
 Cast: Shock             |    13 |     7 |     3 |       ||    23
       Lightning Bolt    |       |     2 |    11 |     4 ||    17
       Static Discharge  |       |       |     1 |       ||     1
Evoke: Wand              |       |       |     2 |       ||     2
  Use: Potion            |       |       |     1 |       ||     1
Armor: Robe              |     1 |     4 |       |       ||     5
Dodge: Dodged            |     6 |    11 |     7 |     2 ||    26

Table legend: (Time is in decaauts)
 A = Elapsed time spent in this place.
 B = Non-inter-level travel time spent in this place.
 C = Inter-level travel time spent in this place.
 D = Time resting spent in this place.
 E = Time spent auto-exploring this place.
 F = Levels seen in this place.
 G = Mean time per level.
                   A        B        C        D        E       F      G
               +--------+--------+--------+--------+--------+-----+--------+
         Total |   1062 |   1062 |      0 |    791 |     79 |   1 | 1062.0 |
       Dungeon |   1062 |   1062 |      0 |    791 |     79 |   1 | 1062.0 |
               +--------+--------+--------+--------+--------+-----+--------+

Top non-repeatable levels by time:
       D: 1062 daAuts
